 Dungeon Crawl Stone Soup version 0.28.0-53-g5a82cb258f (webtiles) character file.

Game seed: 834006623495945699

1451 concernfroge the Magician (level 8, -2/64 HPs)
             Began as a Deep Elf Conjurer on June 25, 2022.
             Slain by an orc warrior
             ... wielding a +3 long sword of holy wrath
              (5 damage)
             ... on level 6 of the Dungeon.
             The game lasted 00:33:01 (5749 turns).

concernfroge the Magician (Deep Elf Conjurer)       Turns: 5749, Time: 00:33:02

Health: -2/64      AC:  7    Str:  4    XL:     8   Next: 47%
Magic:  1/21       EV: 17    Int: 26    God:
Gold:   100        SH:  0    Dex: 13    Spells: 8/22 levels left

rFire   . . .      SeeInvis .   c - +1 dagger (protect)
rCold   . . .      Faith    .   (no shield)
rNeg    . . .      Spirit   .   a - +0 robe
rPois   .          Reflect  .   h - +2 hat
rElec   .          Harm     .   b - +2 cloak
rCorr   .          Rampage  .   (no gloves)
Will    .....                   (no boots)
Stlth   ..........              (no amulet)
HPRegen 0.20/turn               k - +4 ring of evasion
MPRegen 0.17/turn               (no ring)

@: berserking, very quick
A: no striking features
a: no special abilities


You were on level 6 of the Dungeon.
You visited 1 branch of the dungeon, and saw 6 of its levels.
You also visited: Sewer.

You collected 130 gold pieces.
You spent 30 gold pieces at shops.

Inventory:

Hand Weapons
 c - a +1 dagger of protection (weapon)
Armour
 a - a +0 robe (worn)
 b - a +2 cloak (worn)
 h - a +2 hat (worn)
Jewellery
 j - a ring of willpower
 k - a +4 ring of evasion (left hand)
Wands
 i - a wand of paralysis (4) (quivered)
 m - a wand of digging (3)
Scrolls
 e - a scroll of magic mapping
 o - a scroll of amnesia
 q - 2 scrolls of immolation {unknown}
Potions
 d - a potion of magic
 f - 2 potions of haste
 l - a potion of flight
 n - a potion of cancellation


   Skills:
 + Level 1.0 Fighting
 + Level 3.1 Dodging
 - Level 2.4 Stealth
 - Level 7.7 Spellcasting
 - Level 7.4 Conjurations
 - Level 6.1 Hexes
 - Level 4.5 Translocations
 + Level 1.5 Evocations


You had 8 spell levels left.
You knew the following spells:

 Your Spells              Type           Power      Damage    Failure   Level
a - Magic Dart            Conj           100%       1d8       1%          1
b - Searing Ray           Conj           96%        2d7       1%          2
c - Dazzling Flash        Conj/Hex       90%        N/A       1%          3
d - Fulminant Prism       Conj/Hex       22%        3d13      3%          4
e - Iskenderun's Mystic   Conj/Tloc      41%        2d9       4%          4

Your spell library contained the following spells:

 Spells                   Type           Power      Damage    Failure   Level
 Tukima's Dance           Hex            41%        N/A       1%          3
 Anguish                  Hex/Necr       13%        N/A       16%         4
 Enfeeble                 Hex            20%        N/A       99%         7


Dungeon Overview and Level Annotations

Branches:
Dungeon (6/15)              Sewer (visited)
 Temple: D:4-7

Altars:

Shops:
D:4 [*(*:

Annotations:
D:3 2 transporters, gobodom's ghost, amateur OpCj


Message History

Aim: an orc warrior, wielding a +3 long sword of holy wrath and wearing a +0 plate armour (severely wounded, chance to affect: 52%)
The orc warrior resists with significant effort.
Casting: Magic Dart (safe; 1% risk of failure)
Confirm with . or Enter, or press ? or * to list all spells.
You don't know that spell.
Aiming: Paralyse
Press: ? - help, Q - select action, (/) - cycle Shift-Dir - straight line, f/p - orc warrior
Aim: an orc warrior, wielding a +3 long sword of holy wrath and wearing a +0 plate armour (severely wounded, chance to affect: 52%)
The orc warrior resists with significant effort.
An orc comes into view. It is wielding a +0 mace.
Aiming: Paralyse
Press: ? - help, Q - select action, (/) - cycle Shift-Dir - straight line, f/p - orc warrior
Aim: an orc warrior, wielding a +3 long sword of holy wrath and wearing a +0 plate armour (severely wounded, chance to affect: 52%)
The orc warrior resists with significant effort.
An orc wizard comes into view. It is wielding a +0 dagger.
Okay, then.
Okay, then.
The orc warrior hits you with a +3 long sword of holy wrath!
Casting: Magic Dart (safe; 1% risk of failure)
Confirm with . or Enter, or press ? or * to list all spells.
Aiming: Magic Dart (safe; 1% risk of failure)
Press: ? - help, Shift-Dir - straight line, f/p - orc warrior
Aim: an orc warrior, wielding a +3 long sword of holy wrath and wearing a +0 plate armour (severely wounded, 100% to hit)
The magic dart hits the orc warrior.
The orc warrior is severely wounded.
The orc warrior hits you with a +3 long sword of holy wrath!!
* * * LOW HITPOINT WARNING * * *
Okay, then.
As you read the scroll of fog, it crumbles to dust.
The scroll dissolves into smoke.
The orc warrior hits you with a +3 long sword of holy wrath!
* * * LOW HITPOINT WARNING * * *
The orc wizard points at you and mumbles some strange words.
The magic dart hits you but does no damage.
Okay, then.
It was a potion of berserk rage.
A red film seems to cover your vision as you go berserk!
You feel yourself moving faster!
You feel mighty!
The orc warrior hits you with a +3 long sword of holy wrath.
You die...

..# #.# #.# ##+## #.#
##...## #.##### ##.....##
#.....# ##...§§..##
##.##.#
#....§§§..####<..#.####
+...>§@§..+............
#....o§§..####...#.####
##...§...## #........#
##.....## #.###.##.#
##...## #.##.>##.#
#####'## #.##.###.#
##...#o# #.##.###.#
##.....o########........#
...............####.#####


You could see an orc warrior, an orc wizard and an orc.

Vanquished Creatures
  Duvessa (D:5)
  An ice beast (D:6)
  A sky beast (D:5)
  A black bear (D:5)
  3 necrophages
  A centaur (D:5)
  An ogre (D:5)
  A kobold brigand (Sewer)
  4 scorpions
  Dowan (D:5)
  A hound (D:4)
  An iguana (D:5)
  An orc wizard (D:5)
  3 gnolls (D:5)
  6 adders
  A river rat (Sewer)
  2 white imps
  An adder skeleton (D:4)
  5 worms
  A dart slug (D:1)
  6 orcs
  12 endoplasms
  11 giant cockroaches
  10 goblins
  7 hobgoblins
  2 quokkas
  10 ball pythons
  2 bats
  A frilled lizard (D:2)
  9 kobolds
  6 rats
113 creatures vanquished.

Vanquished Creatures (others)
  23 fulminant prisms
23 creatures vanquished.

Grand Total: 136 creatures vanquished

Notes
Turn   | Place    | Note
-------+----------+-------------------------------------------
     0 | D:1      | concernfroge the Deep Elf Conjurer began the quest for the
                  | Orb.
     0 | D:1      | Reached XP level 1. HP: 10/10 MP: 6/6
   291 | D:1      | Reached XP level 2. HP: 15/15 MP: 4/8
   294 | D:1      | Learned a level 2 spell: Searing Ray
   403 | D:1      | Found a faded altar of an unknown god.
   855 | D:2      | Reached skill level 5 in Conjurations
   855 | D:2      | Reached XP level 3. HP: 19/19 MP: 5/10
   859 | D:2      | Learned a level 3 spell: Dazzling Flash
  1437 | D:3      | Noticed gobodom's ghost (amateur OpCj)
  1439 | D:3      | Found a transporter.
  1440 | D:3      | Noticed an ogre
  1443 | D:3      | Found a transporter.
  1750 | D:3      | Reached skill level 1 in Hexes
  1805 | D:3      | Reached XP level 4. HP: 24/24 MP: 9/12
  1810 | D:3      | Learned a level 4 spell: Fulminant Prism
  2053 | D:4      | Noticed a necrophage
  2286 | D:4      | Killed a necrophage
  2287 | D:4      | Reached skill level 5 in Spellcasting
  2287 | D:4      | Reached XP level 5. HP: 21/28 MP: 3/14
  2292 | D:4      | Learned a level 4 spell: Iskenderun's Mystic Blast
  2401 | D:4      | Found Sacios's General Store.
  2449 | D:4      | Found Vugoas's Weapon Shoppe.
  2465 | D:4      | Found Onkemin's General Store.
  2473 | D:4      | Bought a scroll of teleportation for 30 gold pieces
  2532 | D:4      | Found Moxta's Book Emporium.
  2595 | D:4      | Reached skill level 1 in Translocations
  2774 | D:4      | Reached XP level 6. HP: 32/32 MP: 11/16
  3046 | D:4      | Found Panepem's Armour Shop.
  3241 | D:5      | Entered Level 5 of the Dungeon
  3337 | D:5      | Noticed Duvessa
  3344 | D:5      | Killed Duvessa
  3345 | D:5      | Reached XP level 7. HP: 36/36 MP: 9/18
  3349 | D:5      | Noticed Dowan
  3725 | D:5      | Found a glowing drain.
  3732 | Sewer    | Entered a sewer
  3956 | Sewer    | Reached skill level 5 in Hexes
  4721 | D:5      | Reached XP level 8. HP: 41/41 MP: 5/20
  5145 | D:5      | Killed Dowan
  5712 | D:6      | Reached skill level 1 in Evocations
  5736 | D:6      | Reached skill level 1 in Fighting
  5748 | D:6      | HP: 2/43 [orc warrior/+3 long sword of holy wrath (9)]
  5749 | D:6      | Slain by an orc warrior

Illustrated notes

Levels and vault maps discovered:
D:1:      lemuel_arrival_lava_pool, layout_rooms, basic_ecumenical_altar
D:2:      layout_rooms, grunt_ministairs_2, dk_noncrumbling_2
D:3:      layout_basic, gammafunk_ghost_smash
D:4:      layout_loops_cross, serial_shops, nicolae_shop_crystal, shop_statue,
          kennysheep_little_box, nicolae_shop_waterfront, shop
D:5:      layout_loops_ring, gup_sewer_entry_pipe, serial_park_tiny_pond,
          columned_hall_lemuel, uniq_duvessa
D:6:      layout_loops_corners, nicolae_stop_n_shop_2, amethyst_killhole,
          uniq_grinder

Skill      XL: |  1  2  3  4  5  6  7  8 |
---------------+-------------------------+-----
Spellcasting   | 4 5 6 7 |  7.7
Conjurations   | 5 6 7 |  7.4
Hexes          | 1 2 3 4 5 6 |  6.1
Translocations | 1 2 3 4 |  4.5
Evocations     | 1 |  1.5
Fighting       | 1 |  1.0
Dodging        | 3 |  3.1
Stealth        | |  2.4

Action                   |  1- 3 |  4- 6 |  7- 9 || total
-------------------------+-------+-------+-------++-------
 Cast: Magic Dart        |    66 |    33 |    44 ||   143
       Searing Ray       |     8 |    14 |    18 ||    40
       Fulminant Prism   |       |     2 |    21 ||    23
       Iskenderun's Myst |       |       |     4 ||     4
Evoke: Wand              |       |       |     3 ||     3
  Use: Scroll            |       |     8 |     6 ||    14
       Potion            |       |     3 |     2 ||     5
Armor: Robe              |     1 |     1 |     6 ||     8
Dodge: Dodged            |     1 |     7 |    24 ||    32
